 Dungeon Crawl Stone Soup version 0.16.2-12-gd0ad4c3 (webtiles) character file.

23340 Kira the Unseen (level 12, -8/58 HPs)
             Began as a Spriggan Enchanter on Oct 19, 2015.
             Was an Elder of Sif Muna.
             Mangled by an orc warrior
             ... wielding a +1 dire flail of holy wrath
              (16 damage)
             ... on level 13 of the Dungeon on Oct 20, 2015.
             The game lasted 01:49:42 (15120 turns).

Kira the Unseen (Spriggan Enchanter)               Turns: 15120, Time: 01:49:42

Health: -8/58      AC:  6    Str:  4    XL:     12   Next: 71%
Magic:  19/35      EV: 31    Int: 22    God:    Sif Muna [****..]
Gold:   1197       SH:  0    Dex: 16    Spells: 3 memorised, 31 levels left

rFire  . . .     SeeInvis +     X - +0 short sword (elec)
rCold  . . .     Clarity  .     k - +0 steam dragon armour (curse)
rNeg   . . .     SustAb   .     (shield restricted)
rPois  .         Gourm    .     (helmet restricted)
rElec  .         Spirit   .     r - +0 cloak
rCorr  .         Warding  .     (gloves unavailable)
rMut   .         Stasis   .     (boots unavailable)
MR     ++...                    (no amulet)
Stlth  +++++++...               J - +4 ring of evasion
                                G - +6 ring of slaying

@: very quick, very resistant to hostile enchantments, extremely stealthy
A: unfitting armour, see invisible, herbivore 3, speed 3, slow metabolism 2
a: Channel Energy, Forget Spell, Renounce Religion


You were on level 13 of the Dungeon.
You worshipped Sif Muna.
Sif Muna was greatly pleased with you.
You were full.

You visited 2 branches of the dungeon, and saw 14 of its levels.
You also visited: Ossuary.

You collected 1197 gold pieces.

Inventory:

Hand weapons
 X - a +0 short sword of electrocution (weapon)
Armour
 k - a cursed +0 steam dragon armour (worn)
 r - a +0 cloak (worn)
Jewellery
 a - a cursed ring of loudness {unknown}
 F - an uncursed ring of magical power
 G - a +6 ring of slaying (left hand)
 J - a +4 ring of evasion (right hand)
Magical devices
 b - a wand of fire (4)
 m - a wand of confusion (26)
 p - a wand of random effects (32)
 t - a wand of magic darts (29)
 P - a wand of frost (37)
Scrolls
 f - 3 scrolls of recharging
 g - 10 scrolls of identify
 h - 3 scrolls of noise {unknown}
 i - 3 scrolls of enchant weapon {unknown}
 n - 2 scrolls of blinking {unknown}
 o - a scroll of magic mapping {unknown}
 y - 3 scrolls of immolation {unknown}
 A - 2 scrolls of vulnerability {unknown}
 B - 2 scrolls of remove curse
 E - a scroll of fog {unknown}
 H - 3 scrolls of random uselessness {unknown}
 M - a scroll of brand weapon {unknown}
 T - 2 scrolls of enchant armour {unknown}
 W - a scroll of holy word {unknown}
 Y - a scroll of teleportation {unknown}
Potions
 c - a potion of haste {unknown}
 l - 3 potions of agility {unknown}
 q - 2 potions of lignification {Chaos, unknown}
 u - 4 potions of poison {unknown}
 z - 4 potions of curing {unknown}
 I - 3 potions of invisibility {unknown}
 K - 4 potions of heal wounds {unknown}
 L - 4 potions of resistance {unknown}
 N - 2 potions of might {unknown}
 O - 4 potions of brilliance {unknown}
 Z - 2 potions of flight {unknown}
Comestibles
 d - 11 bread rations
 v - 9 fruits


   Skills:
 + Level 4.1 Fighting
 - Level 7.0 Short Blades
 + Level 11.7 Dodging
 - Level 15.1 Stealth
 - Level 0.1 Unarmed Combat
 + Level 13.0 Spellcasting
 + Level 12.9 Hexes
 - Level 1.0 Ice Magic
 + Level 0.4 Evocations


You had 31 spell levels left.
You knew the following spells:

 Your Spells              Type           Power        Failure   Level  Hunger
a - Corona                Hex            ######.      1%          1    None
b - Ensorcelled Hibernat  Hex/Ice        #####.       1%          2    None
c - Confuse               Hex            ######..     1%          3    None


Dungeon Overview and Level Annotations

Branches:
Dungeon (13/15)            Temple (1/1) D:6            Lair (0/8) D:11
    Orc (0/4) D:11
 Vaults: D:13-14

Altars:
Ashenzari
Cheibriados
Dithmenos
Elyvilon
Fedhas
Gozag
Kikubaaqudgha
Makhleb
Nemelex Xobeh
Okawaru
Qazlal
Ru
Sif Muna
Trog
Vehumet
Xom
Yredelemnul
Zin
The Shining One

Shops:
D:7 *   D:10 }   D:11 [   D:13 :


Innate Abilities, Weirdness & Mutations

You are tiny and cannot use many weapons and most armour.
You have supernaturally acute eyesight.
You are a herbivore.
You cover ground extremely quickly.
You need consume almost no food.


Message History

You hit the centaur warrior.
There is a sudden explosion of sparks!
You kill the centaur warrior!
Your Spellcasting skill increases to level 13!
You start resting.
An orc warrior opens the door.
It is wielding a dire flail of holy wrath.
The orc warrior shouts!
You hit the orc warrior but do no damage.
There is a sudden explosion of sparks!
The orc warrior is severely wounded.
The orc warrior misses you.
You closely miss the orc warrior.
The orc warrior is severely wounded.
You hit the orc warrior.
The orc warrior is almost dead.
The orc warrior hits you with a dire flail of holy wrath!!
* * * LOW HITPOINT WARNING * * *
You hit the orc warrior.
The orc warrior is almost dead.
The orc warrior hits you with a dire flail of holy wrath!
You die...

...#....# ...#....# ...#....#
...#....# ...#....#
...#....##+####+#########..
...#..........$.)...........#
...#........................#
...#............@###........#
####...........#o#.#........#
...............#...'........#
............(..#...#........#####
..........(..###...#.............
..........(..#.....###.<.........
.........#####.(.....#..>........
.........#...........#...........
.........#####.......###..#######


You could see an orc warrior.

Vanquished Creatures
  2 hydras (D:12)
  A centaur warrior (D:13)
  2 unseen horrors (D:12)
  2 cyclopes
  2 hill giants
  A manticore (D:10)
  An ugly thing (D:13)
  2 centaur skeletons (D:12)
  An efreet (D:13)
  A troll (D:13)
  A two-headed ogre (D:12)
  Grinder (D:4)
  Prince Ribbit (D:4)
  15 slime creatures
  A trapdoor spider (D:10)
  A basilisk (D:11)
  3 shadows
  3 wraiths
  21 yaks
  2 hippogriffs
  A human (D:9)
  A hungry ghost (D:8)
  A wyvern (D:13)
  Menkaure (D:6)
  A water moccasin (D:10)
  7 porcupines
  5 ice beasts
  A black bear (D:9)
  2 sky beasts
  7 orc warriors
  A crocodile (D:12)
  2 phantoms
  A necrophage (D:8)
  7 ogres
  10 centaurs
  A big kobold (D:7)
  10 giant frogs
  A gnoll sergeant (D:11)
  A brain worm (D:13)
  A wyvern skeleton (D:11)
  4 scorpions
  18 wights
  6 killer bees
  3 crimson imps
  A centaur zombie (D:10)
  3 giant frog zombies
  3 human zombies (D:9)
  2 goliath beetles (D:9)
  14 jellies
  2 quasits
  8 orc priests
  A giant frog skeleton (D:13)
  A gnoll shaman (D:7)
  11 hounds
  Crazy Yiuf (D:2)
  A human skeleton (D:9)
  4 iguanas
  5 orc wizards
  5 worker ants
  A killer bee zombie (D:5)
  Jessica (D:2)
  A hound zombie (D:8)
  9 mummies
  17 gnolls
  16 adders
  6 river rats (D:11)
  2 shadow imps
  2 worms
  4 giant geckos
  10 oozes (D:8)
  48 orcs
  A bat skeleton (D:8)
  2 giant cockroaches
  17 hobgoblins
  6 jackals (D:7)
  24 kobolds
  A quokka (D:11)
  4 ball pythons
  16 bats
  A giant gecko skeleton (D:5)
  4 giant newts
  A giant spore (D:8)
  12 goblins
  5 hobgoblin zombies (Ossuary)
  A kobold zombie (Ossuary)
  3 orc zombies
  12 rats
  A fungus (D:2)
447 creatures vanquished.

Vanquished Creatures (others)
  A wizard (D:12)
  4 fungi (D:8)
  A plant (D:11)
6 creatures vanquished.

Grand Total: 453 creatures vanquished

Notes
Turn   | Place    | Note
--------------------------------------------------------------
     0 | D:1      | Kira, the Spriggan Enchanter, began the quest for the Orb.
     0 | D:1      | Reached XP level 1. HP: 9/9 MP: 4/4
   131 | D:1      | Reached XP level 2. HP: 10/13 MP: 7/7
   138 | D:1      | Learned a level 2 spell: Ensorcelled Hibernation
   381 | D:1      | Reached XP level 3. HP: 6/16 MP: 11/11
   853 | D:2      | Reached skill level 5 in Stealth
  1230 | D:2      | Noticed Jessica
  1240 | D:2      | Killed Jessica
  1240 | D:2      | Reached XP level 4. HP: 18/21 MP: 2/13
  1676 | D:2      | Noticed Crazy Yiuf
  1680 | D:2      | Killed Crazy Yiuf
  1874 | D:3      | Reached skill level 6 in Stealth
  1874 | D:3      | Reached XP level 5. HP: 24/24 MP: 12/16
  2175 | D:3      | Reached skill level 1 in Ice Magic
  2549 | D:3      | Reached skill level 5 in Hexes
  3042 | D:4      | Reached XP level 6. HP: 28/28 MP: 20/20
  3188 | D:4      | Noticed Grinder
  3230 | D:4      | Learned a level 3 spell: Confuse
  3373 | D:4      | Killed Grinder
  3373 | D:4      | Reached skill level 7 in Stealth
  3658 | D:4      | Reached XP level 7. HP: 28/32 MP: 15/22
  3662 | D:4      | Reached skill level 5 in Spellcasting
  3693 | D:4      | Noticed Prince Ribbit
  3721 | D:4      | Killed Prince Ribbit
  3721 | D:4      | Reached skill level 8 in Stealth
  3805 | D:4      | Noticed a phantom
  3848 | D:4      | Killed a phantom
  4060 | D:5      | Entered Level 5 of the Dungeon
  4154 | D:5      | Reached XP level 8. HP: 37/37 MP: 19/25
  4206 | D:5      | Reached skill level 9 in Stealth
  4215 | D:5      | Reached skill level 5 in Dodging
  4637 | D:5      | Reached skill level 1 in Fighting
  5050 | D:6      | Noticed Menkaure
  5060 | D:6      | Killed Menkaure
  5060 | D:6      | Reached skill level 10 in Stealth
  5182 | D:6      | Found a sand-covered staircase.
  5335 | Ossuary  | Entered an ossuary
  5819 | D:6      | Reached XP level 9. HP: 41/41 MP: 17/28
  6171 | D:6      | Found a staircase to the Ecumenical Temple.
  6468 | D:6      | HP: 1/41 [centaur/arrow (6)]
  7001 | D:6      | Reached skill level 11 in Stealth
  7503 | D:7      | Found Measka's Assorted Antiques.
  7901 | D:7      | Reached skill level 12 in Stealth
  8001 | Temple   | Entered the Ecumenical Temple
  8072 | Temple   | Became a worshipper of Sif Muna the Loreminder
  8283 | D:8      | Reached skill level 5 in Short Blades
  8437 | D:8      | Reached XP level 10. HP: 15/46 MP: 20/30
  8798 | D:8      | Reached skill level 13 in Stealth
  8999 | D:8      | Got a slimy rapier
  9000 | D:8      | Identified the cursed -1 rapier "Meciewn" {distort, -Cast rPois rN+ MP+9 Int-3} (You found it on level 8 of the Dungeon)
  9496 | D:9      | Found an ancient bone altar of Kikubaaqudgha.
  9601 | D:9      | Found a sacrificial altar of Ru.
  9633 | D:9      | Reached skill level 14 in Stealth
  9995 | D:10     | Entered Level 10 of the Dungeon
 10082 | D:10     | Found Wuisutea's Quality Used Wands.
 10132 | D:10     | Noticed a hill giant
 10158 | D:10     | Killed a hill giant
 10158 | D:10     | Reached skill level 15 in Stealth
 10367 | D:11     | Found a staircase to the Lair.
 10367 | D:11     | Noticed a manticore
 10377 | D:10     | Killed a manticore
 10855 | D:10     | Reached XP level 11. HP: 26/51 MP: 29/32
 10924 | D:10     | Acquired Sif Muna's first power
 11065 | D:11     | Reached skill level 10 in Hexes
 11085 | D:11     | Reached skill level 10 in Spellcasting
 11669 | D:11     | Acquired Sif Muna's second power
 11723 | D:11     | Found Smuebuec's Armour Shoppe.
 11725 | D:11     | Found a staircase to the Orcish Mines.
 12701 | D:12     | Noticed an eight-headed hydra
 13059 | D:12     | Noticed an unseen horror
 13286 | D:12     | Found a glowing golden altar of the Shining One.
 13315 | D:12     | Killed an eight-headed hydra
 13335 | D:12     | Found a bloodstained altar of Trog.
 13338 | D:12     | Noticed an unseen horror
 13342 | D:12     | Killed an unseen horror
 13342 | D:12     | Reached skill level 10 in Dodging
 13576 | D:12     | Reached XP level 12. HP: 44/56 MP: 34/34
 13763 | D:12     | Killed an unseen horror
 13844 | D:12     | Noticed a four-headed hydra
 13852 | D:12     | Killed a four-headed hydra
 14374 | D:13     | Acquired Sif Muna's third power
 14552 | D:13     | Found Mitucs' Book Boutique.
 15076 | D:13     | Noticed a centaur warrior
 15099 | D:13     | Killed a centaur warrior
 15120 | D:13     | Mangled by an orc warrior

Action                   |  1- 3 |  4- 6 |  7- 9 | 10-12 || total
-------------------------+-------+-------+-------+-------++-------
Melee: Dagger            |   126 |   110 |       |       ||   236
       Short sword       |       |     2 |   360 |   473 ||   835
       Rapier            |       |       |       |     5 ||     5
       Unarmed           |       |       |       |   124 ||   124
 Cast: Corona            |     4 |       |     4 |       ||     8
       Ensorcelled Hiber |    22 |    41 |    71 |   171 ||   305
       Confuse           |       |     6 |    39 |    42 ||    87
Evoke: Wand              |       |       |       |     1 ||     1
  Use: Scroll            |       |       |     3 |     2 ||     5
       Potion            |       |       |       |     1 ||     1
 Stab: Sleeping          |    23 |    36 |    59 |   118 ||   236
       Confused          |       |     2 |    16 |    29 ||    47
       Distracted        |       |       |     2 |     7 ||     9
  Eat: Fruit             |       |     1 |       |       ||     1
       Pizza             |       |     1 |       |     8 ||     9
       Bread ration      |       |       |     1 |       ||     1
